[Event "FIDE World Cup G12-A 2024"]
[Site "Batumi"]
[Date "2024.06.25"]
[Round "3.9"]
[White "Sevastsyanchuk, Anastasiya"]
[Black "Gulishyan, Eseniya"]
[Result "1-0"]
[ECO "C67"]
[WhiteElo "1531"]
[BlackElo "1434"]
[Annotator "NA RC"]
[PlyCount "215"]
[EventDate "2024.06.23"]
[EventType "swiss"]
[EventCountry "GEO"]
[SourceTitle "playchess.com"]
[Source "ChessBase"]
[SourceQuality "1"]
[TimeControl "5400+30"]

1. e4 e5 2. Nf3 Nc6 3. Bb5 Nf6 4. O-O Nxe4 5. d4 Nd6 6. Ba4 exd4 7. Nxd4 Nxd4 8. Qxd4 Qf6 9. Qc5 Nf5 10. Re1+ Kd8 11. Qd5 Be7 12. Nc3 c6 13. Qd3 Qg6 14. Qe4 Qe6 15. Bf4 Qxe4 16. Nxe4 d5 17. Rad1 Bd7 18. Ng5 Bxg5 19. Bxg5+ f6 20. Bf4 Re8 21. Rxe8+ Kxe8 22. g4 Nh4 23. h3 Be6 24. c3 Ng6 25. Bg3 Kf7 26. Bc2 Ne5 27. f4 Nc4 28. Re1 Re8 29. b3 Nb6 30. Bxh7 Rh8 31. f5 Rxh7 32. fxe6+ Ke7 33. Bd6+ Ke8 34. Kg2 Nc8 35. Ba3 b6 36. Kg3 g5 37. Rf1 Rh6 38. Rd1 Ne7 39. c4 f5 40. Bxe7 f4+ 41. Kg2 Kxe7 42. cxd5 cxd5 43. Rxd5 Rg6 44. Rd7+ Kxe6 45. Rxa7 Ke5 46. Rd7 Re6 47. Rd2 Kf6 48. a4 Ke7 49. b4 Re4 50. Rb2 Kd6 51. a5 b5 52. Rb3 Rc4 53. h4 gxh4 54. g5 Ke6 55. Kh3 Kf5 56. Kxh4 Rc8 57. Kh3 Kxg5 58. a6 Ra8 59. Ra3 Ra7 60. Ra5 Kf6 61. Kg4 Ke6 62. Kxf4 Kd6 63. Ke4 Kc6 64. Ke5 Re7+ 65. Kf6 Ra7 66. Ke6 Kb6 67. Kd6 Ra8 68. Kd7 Ra7+ 69. Kd6 Ra8 70. Ra1 Ra7 71. Rc1 Rxa6 72. Rh1 Ra4 73. Rh4 Ra6 74. Kd5 Ra1 75. Rh6+ Kb7 76. Kc5 Rc1+ 77. Kxb5 Ka7 78. Rh7+ Kb8 79. Kb6 Kc8 80. b5 Rg1 81. Rh6 Rg7 82. Rh8+ Kd7 83. Rb8 Kd6 84. Rb7 Rg1 85. Rc7 Rh1 86. Kb7 Rh5 87. b6 Rh1 88. Kb8 Rb1 89. b7 Ra1 90. Kc8 Rb1 91. b8=Q Rxb8+ 92. Kxb8 Kd5 93. Kb7 Kd6 94. Kb6 Kd5 95. Rc1 Kd4 96. Kb5 Ke4 97. Rd1 Ke5 98. Kc4 Kf4 99. Re1 Kf5 100. Kd4 Kf4 101. Rf1+ Kg5 102. Ke4 Kg6 103. Ke5 Kg7 104. Ke6 Kg6 105. Rg1+ Kh5 106. Kf6 Kh4 107. Kf5 Kh3 108. Kf4 1-0

[Event "FIDE World Cup G12-A 2024"]
[Site "Batumi"]
[Date "2024.06.25"]
[Round "3.10"]
[White "Ali, Maha"]
[Black "Diaskyzy, Daliya"]
[Result "0-1"]
[ECO "B10"]
[WhiteElo "1601"]
[BlackElo "1793"]
[Annotator "NA RC"]
[PlyCount "76"]
[EventDate "2024.06.23"]
[EventType "swiss"]
[EventCountry "GEO"]
[SourceTitle "playchess.com"]
[Source "ChessBase"]
[SourceQuality "1"]
[TimeControl "5400+30"]

1. e4 c6 2. Nf3 d5 3. exd5 cxd5 4. Ne5 Nf6 5. d4 Nbd7 6. Bf4 a6 7. Bd3 g6 8. O-O Bg7 9. c3 O-O 10. Nd2 Nxe5 11. Bxe5 Bg4 12. Qc2 Qd7 13. Nb3 b6 14. h3 Bf5 15. Bxf5 gxf5 16. f3 h6 17. Qf2 Kh7 18. Qh4 Rg8 19. Bf4 Bf8 20. Kf2 Rg6 21. g4 Bg7 22. g5 Rg8 23. Rg1 Ne8 24. gxh6 Bxh6 25. Rg3 Qc6 26. Rxg6 Qxg6 27. Bxh6 Qxh6 28. Qxe7 Nf6 29. Qe5 Qh4+ 30. Ke3 Re8 31. Qxe8 Nxe8 32. Rh1 Nd6 33. Nd2 f4+ 34. Kd3 Qf2 35. b3 Nb5 36. Rf1 Qe3+ 37. Kc2 Qxc3+ 38. Kd1 Nxd4 0-1

[Event "FIDE World Cup G12-A 2024"]
[Site "Batumi"]
[Date "2024.06.25"]
[Round "3.11"]
[White "Giorgadze, Mariam"]
[Black "Lipartia, Nino"]
[Result "0-1"]
[ECO "B33"]
[WhiteElo "1533"]
[BlackElo "1437"]
[Annotator "NA RC"]
[PlyCount "68"]
[EventDate "2024.06.23"]
[EventType "swiss"]
[EventCountry "GEO"]
[SourceTitle "playchess.com"]
[Source "ChessBase"]
[SourceQuality "1"]
[TimeControl "5400+30"]

1. e4 c5 2. Nf3 Nc6 3. d4 cxd4 4. Nxd4 Nf6 5. Nc3 d6 6. f3 e5 7. Ndb5 a6 8. Na3 b5 9. Nd5 Nxd5 10. Qxd5 Bb7 11. c3 Rc8 12. Be2 Be7 13. Be3 Qd7 14. Qd2 O-O 15. O-O Rfd8 16. Rad1 Qe6 17. c4 b4 18. Nc2 a5 19. b3 Qg6 20. Qc1 Ra8 21. Rd3 f5 22. exf5 Qxf5 23. Rfd1 Qg6 24. Bb6 Rf8 25. Bc7 e4 26. fxe4 Ne5 27. Rg3 Qxe4 28. Bd3 Nxd3 29. Rdxd3 Bh4 30. Rgf3 Rxf3 31. Rxf3 Qg6 32. Nd4 Re8 33. Nc2 Bxf3 34. g3 Bxg3 0-1

[Event "FIDE World Cup G12-A 2024"]
[Site "Batumi"]
[Date "2024.06.26"]
[Round "4.1"]
[White "Lu, Xiahan (Luna)"]
[Black "Xue, Tianhao"]
[Result "0-1"]
[ECO "D85"]
[WhiteElo "1859"]
[BlackElo "1754"]
[Annotator "NA RC"]
[PlyCount "146"]
[EventDate "2024.06.23"]
[EventType "swiss"]
[EventCountry "GEO"]
[SourceTitle "playchess.com"]
[Source "ChessBase"]
[SourceQuality "1"]
[TimeControl "5400+30"]

1. d4 Nf6 2. c4 g6 3. Nc3 d5 4. cxd5 Nxd5 5. e4 Nxc3 6. bxc3 Bg7 7. Nf3 c5 8. Bb5+ Nc6 9. O-O O-O 10. Bxc6 bxc6 11. Qc2 {[%emt 0:00:13] D85: Exchange Grünfeld: Unusual White 7th moves and lines with 7 Nf3.} cxd4 12. cxd4 Bg4 13. Ne5 Bxe5 14. dxe5 Qc7 15. Qc3 c5 16. Bb2 (16. f3 $14 {is more appropriate.} Bc8 17. Bg5) 16... c4 17. f3 Be6 18. f4 Bg4 19. f5 Be2 20. Qe3 $19 Bxf1 21. f6 exf6 22. exf6 Kh8 23. Rxf1 Rad8 24. Bd4 Qd7 25. Bc5 Rg8 26. e5 Qe6 27. Be7 Rc8 28. Bd6 c3 29. Rc1 c2 30. Qe2 Qf5 31. e6 Rge8 32. e7 Kg8 33. Be5 Qg5 34. Bb2 Qc5+ 35. Kh1 Qb4 36. Qe5 Rc5 37. Qd4 Qxd4 38. Bxd4 Rd5 39. Bg1 Rf5 40. Bd4 Rf4 41. Bb2 Rc4 42. Kg1 h6 43. Kf2 Kh7 44. Ke3 Rc6 45. Kd3 Rec8 46. Re1 Rd6+ 47. Bd4 g5 48. Rc1 Rdc6 49. Kd2 Kg6 50. Bb2 Rd6+ 51. Ke2 Rb6 52. Bd4 Rb1 53. Kd2 Rxc1 54. Kxc1 Kf5 55. Bb2 Ke6 56. Kd2 Kd7 57. Kc1 Rc4 58. Kd2 h5 59. g3 a5 60. a3 a4 61. Bc1 g4 62. Bb2 Rc5 63. Kc1 Rf5 64. Bd4 Rf3 65. Kxc2 Rxa3 66. Bb2 Rf3 67. Bd4 Rf1 68. Kb2 Rh1 69. Ka3 Rxh2 70. Kxa4 h4 71. gxh4 g3 72. Be5 Rxh4+ 73. Kb3 g2 0-1

[Event "FIDE World Cup G12-A 2024"]
[Site "Batumi"]
[Date "2024.06.26"]
[Round "4.2"]
[White "Zavivaeva, Kristina"]
[Black "Xikmatkhonova, Mokhinur"]
[Result "1-0"]
[ECO "A30"]
[WhiteElo "1666"]
[BlackElo "1706"]
[Annotator "NA RC"]
[PlyCount "96"]
[EventDate "2024.06.23"]
[EventType "swiss"]
[EventCountry "GEO"]
[SourceTitle "playchess.com"]
[Source "ChessBase"]
[SourceQuality "1"]
[TimeControl "5400+30"]

1. Nf3 c5 2. g3 e6 3. Bg2 Nc6 4. O-O Nf6 5. c4 Be7 6. b3 d6 7. Bb2 O-O 8. d3 e5 9. Nbd2 h6 10. Rc1 Be6 11. a3 Rc8 12. Re1 Qd7 13. e3 Bg4 14. Qc2 Bf5 15. Qc3 Bd8 16. b4 cxb4 17. axb4 Qe7 18. b5 Ba5 19. Qa3 Bb4 20. Qa4 Bxd2 21. Nxd2 Nd8 22. Qxa7 Bxd3 23. e4 Ne6 24. Qe3 Nc5 25. Ba3 Rfd8 26. Bh3 Ra8 27. Bxc5 dxc5 28. Rc3 Qd6 29. f3 Ra4 30. Rec1 Ra2 31. Nb3 Bc2 32. Nxc5 Qd2 33. Qxd2 Rxd2 34. Nxb7 Ba4 35. Bf1 Rxh2 36. g4 Rh4 37. c5 Ne8 38. c6 h5 39. g5 Rb2 40. Ra3 Nc7 41. Rxa4 Rhh2 42. b6 Ne6 43. c7 Nxg5 44. c8=Q+ Kh7 45. Qf5+ Kh6 46. Ra8 Nxf3+ 47. Qxf3 Rh4 48. Rh8+ Kg6 1-0

[Event "FIDE World Cup G12-A 2024"]
[Site "Batumi"]
[Date "2024.06.26"]
[Round "4.3"]
[White "Kaminska, Zuzanna"]
[Black "Qiu, Laurie"]
[Result "1-0"]
[ECO "C52"]
[WhiteElo "1848"]
[BlackElo "2068"]
[Annotator "NA RC"]
[PlyCount "83"]
[EventDate "2024.06.23"]
[EventType "swiss"]
[EventCountry "GEO"]
[SourceTitle "playchess.com"]
[Source "ChessBase"]
[SourceQuality "1"]
[TimeControl "5400+30"]

1. e4 e5 2. Nf3 Nc6 3. Bc4 Bc5 4. b4 Bxb4 5. c3 Ba5 6. d4 exd4 {[%emt 0:00:09] 6...d6 deserves study.} 7. O-O Nf6 ({Of course not} 7... Bxc3 8. Nxc3 dxc3 9. Re1 $14) 8. Ba3 d6 $1 {[%emt 0:00:52] C52: Evans Gambit Accepted: 5 c3 Ba5.} ({Much worse is} 8... Nxe4 $6 9. Bd5 $16) (8... Bxc3 9. Nxc3 dxc3 10. Qb3 $16) 9. e5 $1 Ne4 $1 (9... dxe5 $2 {perishes.} 10. Qb3 Qd7 11. Re1 $16) 10. exd6 $1 cxd6 11. Re1 d5 $2 {[%emt 0:09:25] [#]} (11... Bxc3 $2 {loses.} 12. Rxe4+ Be6 13. Nxc3 $18) (11... O-O $1 $15 {keeps the upper hand.} 12. Rxe4 d5 (12... Bxc3 $2 {too greedy.} 13. Nxc3 dxc3 14. Qxd6 $18)) 12. Nxd4 (12. Nbd2 $1 $18 {[%cal Rd2e4] is the precise move to win.} f5 (12... dxc3 $2 {perishes.} 13. Nxe4 dxe4 14. Rxe4+ Be6 15. Qb3 $18) 13. Nxd4 Bxc3 14. Nb5 Bxd2 (14... Bxa1 15. Bxd5 Qf6 16. Nxe4 $18) 15. Qxd2) 12... Be6 13. Bb5 $146 ({Predecessor:} 13. Qa4 Qb6 14. Bb5 Rc8 15. Rxe4 dxe4 16. Nb3 f5 17. Qxa5 Kf7 18. Qxb6 axb6 19. Be2 {½-½ Jaroch,K (2243)-Gawronski,M (2206) Chelmza op-A 2009 (3)}) 13... Qb6 {[%emt 0:07:41] [#]} 14. Rxe4 dxe4 15. Nxc6 Qxb5 ({Stronger than} 15... bxc6 16. Qd6) 16. Qd6 $1 Bd8 $2 (16... Qg5 $11 {and Black stays safe.} 17. Nd2 (17. Nxa5 $2 Rd8 $19) 17... e3 (17... bxc6 $2 {loses.} 18. Qxc6+ Bd7 19. Qxe4+ Be6 20. Qc6+ Kd8 21. Qxa8+ Kd7 22. Qxa7+ Bc7 23. Qa4+ Kc8 24. Ne4 $18) (17... Bxc3 $2 {perishes.} 18. Nxe4 Rd8 19. Nxd8 $18)) 17. Nxd8 Qd7 18. Nxe6 Qxe6 19. Qxe6+ fxe6 20. Nd2 e3 21. fxe3 Rd8 22. Ne4 Rd3 23. Kf2 b6 24. Ke2 Rd5 25. c4 Rh5 26. h3 Kd7 $18 27. Rf1 Ra5 28. Rd1+ Kc7 29. Bd6+ Kc6 30. a3 Rd8 31. g4 h5 32. Rd4 hxg4 33. hxg4 b5 34. Bb4 Rxd4 35. exd4 Ra6 36. c5 e5 37. Kd3 exd4 38. Kxd4 Kd7 39. Nd6 Rc6 40. Kd5 a6 41. Ba5 g6 42. g5 1-0

[Event "FIDE World Cup G12-A 2024"]
[Site "Batumi"]
[Date "2024.06.26"]
[Round "4.4"]
[White "Muradova, Nebahat"]
[Black "Venskaya, Nika"]
[Result "0-1"]
[ECO "E81"]
[WhiteElo "1626"]
[BlackElo "1774"]
[Annotator "NA RC"]
[PlyCount "76"]
[EventDate "2024.06.23"]
[EventType "swiss"]
[EventCountry "GEO"]
[SourceTitle "playchess.com"]
[Source "ChessBase"]
[SourceQuality "1"]
[TimeControl "5400+30"]

1. d4 Nf6 2. c4 g6 3. Nc3 Bg7 4. e4 d6 5. f3 O-O 6. Bd3 e5 7. dxe5 dxe5 8. Be3 Nbd7 9. Nge2 c6 10. O-O Qc7 11. b4 Nh5 12. Rc1 Rd8 13. Qb3 Nf8 14. Rfd1 Ne6 15. b5 Nd4 16. Qb2 Be6 17. bxc6 bxc6 18. Nd5 Qd6 19. c5 Qd7 20. Nb4 Rab8 21. Qa3 f5 22. Qa4 Rbc8 23. Ba6 Rc7 24. Bxd4 exd4 25. Nc2 d3 26. Rxd3 Qe7 27. Rxd8+ Qxd8 28. exf5 Bxf5 29. Ne3 Be6 30. Rd1 Qg5 31. Qa3 Bf8 32. Rc1 Re7 33. Nd4 Bf7 34. Nf1 Re5 35. Nxc6 Rxc5 36. Rb1 Rc2 37. Ne7+ Bxe7 38. Rb8+ Kg7 0-1

[Event "FIDE World Cup G12-A 2024"]
[Site "Batumi"]
[Date "2024.06.26"]
[Round "4.5"]
[White "Chichinadze, Anastasia"]
[Black "Mirzaliyeva, Leyla"]
[Result "0-1"]
[ECO "B24"]
[WhiteElo "1724"]
[BlackElo "1548"]
[Annotator "NA RC"]
[PlyCount "62"]
[EventDate "2024.06.23"]
[EventType "swiss"]
[EventCountry "GEO"]
[SourceTitle "playchess.com"]
[Source "ChessBase"]
[SourceQuality "1"]
[TimeControl "5400+30"]

1. e4 c5 2. Nc3 d6 3. g3 Nf6 4. Bg2 Nc6 5. d3 e5 6. h3 Be6 7. Be3 Be7 8. Qd2 Rb8 9. Nge2 b5 10. f4 Nd4 11. O-O Bd7 12. f5 b4 13. Bxd4 cxd4 14. Nd1 Bc6 15. g4 h6 16. Ng3 d5 17. Nf2 dxe4 18. Nfxe4 Bxe4 19. Bxe4 Qb6 20. Bg2 Rc8 21. Rae1 O-O 22. Re2 Rc7 23. Rfe1 b3 24. axb3 Bb4 25. Qd1 Bxe1 26. Qxe1 Rfc8 27. Qd1 a5 28. Ne4 Nd5 29. Nd2 Ne3 30. Nc4 Rxc4 31. Rxe3 dxe3 0-1

[Event "FIDE World Cup G12-A 2024"]
[Site "Batumi"]
[Date "2024.06.26"]
[Round "4.6"]
[White "Diaskyzy, Daliya"]
[Black "Mamakova, Aknur"]
[Result "1-0"]
[ECO "B11"]
[WhiteElo "1793"]
[BlackElo "1648"]
[Annotator "NA RC"]
[PlyCount "103"]
[EventDate "2024.06.23"]
[EventType "swiss"]
[EventCountry "GEO"]
[SourceTitle "playchess.com"]
[Source "ChessBase"]
[SourceQuality "1"]
[TimeControl "5400+30"]

1. e4 c6 2. Nf3 d5 3. Nc3 Bg4 4. h3 Bxf3 5. Qxf3 e6 6. d4 Nf6 7. Be2 dxe4 8. Qe3 Bb4 9. O-O Nd5 10. Qg3 Nxc3 11. bxc3 Bf8 12. Rb1 Qc8 13. Qe5 Nd7 14. Qxe4 Nf6 15. Qe5 Qd7 16. Qg3 Ne4 17. Qd3 Nf6 18. Bf4 Be7 19. Qg3 O-O 20. Be5 Ne8 21. Bc4 Bd6 22. f4 b5 23. Bb3 Bxe5 24. dxe5 g6 25. Rbd1 Qc8 26. c4 Ng7 27. Qf3 a5 28. a4 b4 29. c5 Nf5 30. g4 Ne7 31. Kh1 Kh8 32. Rd6 Qc7 33. Qg3 Qa7 34. Qh4 Qa6 35. Re1 Qa7 36. Qf6+ Kg8 37. f5 exf5 38. e6 Nd5 39. Bxd5 cxd5 40. e7 Rfe8 41. Rd8 Qb7 42. gxf5 d4+ 43. c6 Qa6 44. Rxa8 Qxa8 45. fxg6 hxg6 46. Rf1 Kh7 47. Qxf7+ Kh6 48. Rf6 Rg8 49. Qf8+ Kh5 50. Qxa8 Rxa8 51. Rf8 d3 52. cxd3 1-0

[Event "FIDE World Cup G12-A 2024"]
[Site "Batumi"]
[Date "2024.06.26"]
[Round "4.7"]
[White "Wang, April"]
[Black "Sevastsyanchuk, Anastasiya"]
[Result "0-1"]
[ECO "E12"]
[WhiteElo "1622"]
[BlackElo "1531"]
[Annotator "NA RC"]
[PlyCount "124"]
[EventDate "2024.06.23"]
[EventType "swiss"]
[EventCountry "GEO"]
[SourceTitle "playchess.com"]
[Source "ChessBase"]
[SourceQuality "1"]
[TimeControl "5400+30"]

1. d4 Nf6 2. c4 e6 3. Nf3 b6 4. Nc3 Bb7 5. a3 d5 6. cxd5 Nxd5 7. Bg5 Be7 8. Bxe7 Qxe7 9. g3 Nxc3 10. bxc3 e5 11. e3 Nd7 12. Bg2 e4 13. Nd2 O-O 14. Qc2 Rae8 15. O-O Ba6 16. Rfc1 Bd3 17. Qb3 b5 18. Bf1 Bxf1 19. Kxf1 Rb8 20. Qb4 c5 21. dxc5 Nxc5 22. Nxe4 Qxe4 23. Qxc5 Qh1+ 24. Ke2 Qxh2 25. Rh1 Qg2 26. Qxa7 Rfd8 27. Qc7 Qe4 28. Rhd1 Rdc8 29. Qd6 Qc2+ 30. Rd2 Qxc3 31. Rad1 h6 32. Qe7 Qc4+ 33. Ke1 Re8 34. Rd8 Rbxd8 35. Rxd8 Rxd8 36. Qxd8+ Kh7 37. Qd2 Kg6 38. Kd1 Qf1+ 39. Kc2 Qc4+ 40. Qc3 Qa2+ 41. Qb2 Qd5 42. Qb3 Qf3 43. Qd3+ Qf5 44. Qxf5+ Kxf5 45. Kb3 g5 46. Kc3 h5 47. Kd3 Kg4 48. Ke2 f5 49. f3+ Kxg3 50. e4 fxe4 51. fxe4 Kf4 52. Kd3 h4 53. Kd4 h3 54. e5 h2 55. e6 h1=Q 56. Kc5 Qh5 57. Kxb5 Qe8+ 58. Kb4 Qxe6 59. a4 Qa6 60. a5 g4 61. Ka4 g3 62. Kb3 g2 0-1

[Event "FIDE World Cup G12-A 2024"]
[Site "Batumi"]
[Date "2024.06.26"]
[Round "4.8"]
[White "Wu, Yiting"]
[Black "Zavivaeva, Angelina"]
[Result "1-0"]
[ECO "B19"]
[WhiteElo "1758"]
[BlackElo "1489"]
[Annotator "NA RC"]
[PlyCount "117"]
[EventDate "2024.06.23"]
[EventType "swiss"]
[EventCountry "GEO"]
[SourceTitle "playchess.com"]
[Source "ChessBase"]
[SourceQuality "1"]
[TimeControl "5400+30"]

1. e4 c6 2. d4 d5 3. Nc3 dxe4 4. Nxe4 Bf5 5. Ng3 Bg6 6. h4 h6 7. Nf3 Nd7 8. h5 Bh7 9. Bd3 Bxd3 10. Qxd3 Ngf6 11. Bd2 e6 12. O-O-O Bd6 13. Ne4 Nxe4 14. Qxe4 Nf6 15. Qe2 Qe7 16. Ne5 O-O-O 17. c4 Rhe8 18. f4 Nd7 19. Rhf1 Nxe5 20. fxe5 Bc7 21. Bc3 Rd7 22. c5 Red8 23. Qg4 Qg5+ 24. Qxg5 hxg5 25. Kc2 a5 26. Rd2 b6 27. Rdf2 Rf8 28. a3 bxc5 29. dxc5 a4 30. b3 axb3+ 31. Kxb3 Kd8 32. Kc4 Ke7 33. a4 Bb8 34. a5 Ra7 35. Ra1 Ra6 36. Rd2 Bc7 37. Rb2 Rd8 38. Re2 Rh8 39. g4 Rd8 40. Rb1 Ra7 41. Reb2 Kd7 42. Rd2+ Kc8 43. Rf2 Rd7 44. Rbf1 Bd8 45. Ra1 Kb7 46. Rb2+ Kc8 47. a6 Ra8 48. Rb6 Rda7 49. Rxc6+ Bc7 50. Ba5 Kd7 51. Rxc7+ Rxc7 52. Bxc7 Kxc7 53. a7 Kc6 54. Ra6+ Kb7 55. Kb5 Kc7 56. c6 Kd8 57. Kb6 Kc8 58. Ra1 Kd8 59. Kb7 1-0

[Event "FIDE World Cup G12-A 2024"]
[Site "Batumi"]
[Date "2024.06.26"]
[Round "4.9"]
[White "Kutateladze, Anastasia"]
[Black "Potikha, Shelley"]
[Result "1-0"]
[ECO "C10"]
[WhiteElo "1598"]
[BlackElo "1464"]
[Annotator "NA RC"]
[PlyCount "47"]
[EventDate "2024.06.23"]
[EventType "swiss"]
[EventCountry "GEO"]
[SourceTitle "playchess.com"]
[Source "ChessBase"]
[SourceQuality "1"]
[TimeControl "5400+30"]

1. e4 e6 2. d4 d5 3. Nc3 h6 4. e5 c5 5. f4 cxd4 6. Qxd4 Nc6 7. Bb5 Bd7 8. Bxc6 bxc6 9. Nf3 c5 10. Qd3 Qb6 11. a4 a5 12. Qe2 c4 13. f5 Bb4 14. Be3 Bxc3+ 15. bxc3 Qb2 16. O-O Qxc3 17. fxe6 fxe6 18. Bd4 Qb4 19. c3 Qe7 20. Qc2 Qf7 21. Nh4 Qh5 22. Qg6+ Qxg6 23. Nxg6 Ne7 24. Nxh8 1-0

[Event "FIDE World Cup G12-A 2024"]
[Site "Batumi"]
[Date "2024.06.26"]
[Round "4.10"]
[White "Gulishyan, Eseniya"]
[Black "Kedelidze, Aneta"]
[Result "0-1"]
[ECO "A58"]
[WhiteElo "1434"]
[BlackElo "1544"]
[Annotator "NA RC"]
[PlyCount "62"]
[EventDate "2024.06.23"]
[EventType "swiss"]
[EventCountry "GEO"]
[SourceTitle "playchess.com"]
[Source "ChessBase"]
[SourceQuality "1"]
[TimeControl "5400+30"]

1. d4 Nf6 2. c4 g6 3. g3 Bg7 4. Bg2 d6 5. Nf3 O-O 6. O-O c5 7. d5 a6 8. Nc3 b5 9. cxb5 axb5 10. Nxb5 Ba6 11. Nc3 Nbd7 12. Re1 Nb6 13. e4 Nfd7 14. Qc2 Nc4 15. Bf4 Qa5 16. Bd2 Rfb8 17. Reb1 Nde5 18. Nxe5 Nxe5 19. Rd1 Nd3 20. b3 Bd4 21. Ne2 Bxf2+ 22. Kf1 Qb5 23. Bc3 Be3 24. Rab1 Nf2 25. Re1 Ng4 26. Bh3 Nf2 27. Bg2 Qd7 28. e5 Bd3 29. Qb2 Qf5 30. Qa1 Nd1+ 31. Bf3 Qxf3# 0-1

[Event "FIDE World Cup G12-A 2024"]
[Site "Batumi"]
[Date "2024.06.26"]
[Round "4.11"]
[White "Lipartia, Nino"]
[Black "Ali, Maha"]
[Result "1-0"]
[ECO "B12"]
[WhiteElo "1437"]
[BlackElo "1601"]
[Annotator "NA RC"]
[PlyCount "53"]
[EventDate "2024.06.23"]
[EventType "swiss"]
[EventCountry "GEO"]
[SourceTitle "playchess.com"]
[Source "ChessBase"]
[SourceQuality "1"]
[TimeControl "5400+30"]

1. e4 c6 2. d4 d5 3. e5 Bf5 4. Nf3 e6 5. Be2 c5 6. O-O Nc6 7. c4 cxd4 8. Nxd4 Bxb1 9. Rxb1 Nge7 10. cxd5 Qxd5 11. Nb5 Qxd1 12. Rxd1 Nd5 13. Rxd5 exd5 14. Nc7+ Kd7 15. Nxa8 Kc8 16. Bf4 Kb8 17. e6+ Kxa8 18. exf7 Bc5 19. Rd1 d4 20. Bb5 Rf8 21. Bc4 Rd8 22. Re1 d3 23. Re8 d2 24. Bxd2 a6 25. Bg5 Rb8 26. Bf4 Rd8 27. Bc7 1-0

[Event "FIDE World Cup G12-A 2024"]
[Site "Batumi"]
[Date "2024.06.27"]
[Round "5.1"]
[White "Xue, Tianhao"]
[Black "Zavivaeva, Kristina"]
[Result "0-1"]
[ECO "B12"]
[WhiteElo "1754"]
[BlackElo "1666"]
[Annotator "NA RC"]
[PlyCount "116"]
[EventDate "2024.06.23"]
[EventType "swiss"]
[EventCountry "GEO"]
[SourceTitle "playchess.com"]
[Source "ChessBase"]
[SourceQuality "1"]
[TimeControl "5400+30"]

1. e4 c6 2. d4 d5 3. e5 Bf5 4. h4 h6 5. g4 Bd7 6. Be3 Qb6 7. b3 e6 8. Nf3 c5 9. c3 Nc6 10. Be2 cxd4 11. Bxd4 Nxd4 12. Nxd4 Bc5 13. Qd3 Ne7 14. Nd2 Nc6 15. N2f3 Bxd4 16. cxd4 Nb4 17. Qd2 Rc8 18. O-O Rc2 19. Qe3 Rxa2 20. Rxa2 Nxa2 21. g5 Nb4 22. gxh6 Rxh6 23. Kh1 Qd8 24. Rg1 Kf8 25. Qf4 Nc6 26. Ng5 Be8 27. Bd3 Kg8 28. Nf3 Kh8 29. Qg4 g6 30. Qf4 Kg7 31. Rg3 Qe7 32. Kg2 Nb4 33. Be2 b5 34. Ng5 a5 35. h5 a4 36. bxa4 bxa4 37. hxg6 fxg6 38. Bg4 Rh4 39. Rf3 Bd7 40. Kg3 Rh8 41. Qf6+ Qxf6 42. exf6+ Kf8 43. Bxe6 Bb5 44. f7 Rh5 45. Nh3 Nd3 46. Bg4 Rxh3+ 47. Bxh3 a3 48. Be6 a2 49. Rf6 a1=Q 50. Kh2 Qxd4 51. Rxg6 Qxf2+ 52. Kh1 Qf3+ 53. Kh2 Qh5+ 54. Bh3 Qxg6 55. Bg2 Nf4 56. Bf3 Ne2 57. Bxe2 Bxe2 58. Kh3 Bf3 0-1

[Event "FIDE World Cup G12-A 2024"]
[Site "Batumi"]
[Date "2024.06.27"]
[Round "5.2"]
[White "Mirzaliyeva, Leyla"]
[Black "Kaminska, Zuzanna"]
[Result "1/2-1/2"]
[ECO "C77"]
[WhiteElo "1548"]
[BlackElo "1848"]
[Annotator "NA RC"]
[PlyCount "24"]
[EventDate "2024.06.23"]
[EventType "swiss"]
[EventCountry "GEO"]
[SourceTitle "playchess.com"]
[Source "ChessBase"]
[SourceQuality "1"]
[TimeControl "5400+30"]

1. e4 e5 2. Nf3 Nc6 3. Bb5 a6 4. Ba4 Nf6 5. d4 exd4 6. e5 Ne4 7. Nxd4 Nxf2 8. Kxf2 Qh4+ 9. Ke3 {[%emt 0:00:36] [#]} Nxe5 $15 (9... b5 $1 $17 10. Bb3 (10. Nxc6 $2 dxc6 11. Qd4 Qxd4+ 12. Kxd4 bxa4 $19) 10... Bc5 (10... Nxe5 11. Nf3 $14)) 10. Qe1 Qg5+ 11. Kf2 Qh4+ 12. Ke3 Qg5+ 1/2-1/2

[Event "FIDE World Cup G12-A 2024"]
[Site "Batumi"]
[Date "2024.06.27"]
[Round "5.3"]
[White "Venskaya, Nika"]
[Black "Qiu, Laurie"]
[Result "1-0"]
[ECO "D39"]
[WhiteElo "1774"]
[BlackElo "2068"]
[Annotator "RC"]
[PlyCount "53"]
[EventDate "2024.06.23"]
[EventType "swiss"]
[EventCountry "GEO"]
[SourceTitle "playchess.com"]
[Source "ChessBase"]
[SourceQuality "1"]
[TimeControl "5400+30"]

1. d4 d5 2. c4 e6 3. Nf3 Nf6 4. Nc3 Bb4 5. Bg5 h6 6. Bxf6 Qxf6 7. a3 Bxc3+ 8. bxc3 dxc4 9. Qa4+ c6 10. Qxc4 O-O 11. e3 Nd7 12. Be2 Re8 13. O-O e5 14. Qb3 e4 15. Nd2 Qg6 16. f3 exf3 17. Rxf3 Nf6 18. Rg3 Qf5 19. Rf1 Qe6 20. Qxe6 Rxe6 21. Bc4 Rd6 22. e4 Ne8 23. Bxf7+ Kf8 24. e5 Rd8 25. Bxe8+ Kxe8 26. Rxg7 Be6 27. Ne4 1-0

[Event "FIDE World Cup G12-A 2024"]
[Site "Batumi"]
[Date "2024.06.27"]
[Round "5.4"]
[White "Sevastsyanchuk, Anastasiya"]
[Black "Lu, Xiahan (Luna)"]
[Result "0-1"]
[ECO "C06"]
[WhiteElo "1531"]
[BlackElo "1859"]
[Annotator "NA RC"]
[PlyCount "114"]
[EventDate "2024.06.23"]
[EventType "swiss"]
[EventCountry "GEO"]
[SourceTitle "playchess.com"]
[Source "ChessBase"]
[SourceQuality "1"]
[TimeControl "5400+30"]

1. e4 e6 2. d4 d5 3. Nd2 Nf6 4. e5 Nfd7 5. Bd3 c5 6. c3 b6 7. Ne2 Ba6 8. Bc2 cxd4 {[%emt 0:04:22] C06: French Tarrasch: 3...Nf6 4 e5 Nfd7 5 Bd3 main lines.} 9. cxd4 Nc6 10. Nf3 Bb4+ 11. Bd2 Bxd2+ 12. Qxd2 Rc8 13. a3 Na5 14. b3 Bxe2 15. Qxe2 Qc7 16. Ra2 Qc3+ 17. Qd2 Nxb3 18. Qxc3 Rxc3 19. Rb2 Na5 $19 20. a4 Ke7 21. Kd2 Rhc8 22. h4 h6 23. Ra2 Nb8 24. Rb1 Na6 25. Bd1 Ra3 26. Rxa3 Nc4+ 27. Ke1 Nxa3 28. Rb3 Nc4 29. g4 f6 30. Be2 Nb8 31. g5 fxe5 32. dxe5 Nd7 33. Rc3 Rc5 34. Bxc4 dxc4 35. Kd2 a6 36. Nd4 Rd5 37. Rxc4 Nxe5 38. Rc7+ Kd6 39. Rxg7 Rxd4+ 40. Ke3 Rxh4 41. f4 Rh3+ 42. Ke2 Nc6 43. Rh7 Nd4+ 44. Kf2 Rf3+ 45. Kg2 Rxf4 46. gxh6 Nf5 47. Rh8 Rxa4 48. h7 Nh4+ 49. Kg3 Ng6 50. Rd8+ Ke7 51. Rb8 b5 52. Ra8 a5 53. Rb8 b4 54. Kg4 Kf6 55. Rg8 b3+ 56. Kf3 Rh4 57. Kg3 Rxh7 0-1

[Event "FIDE World Cup G12-A 2024"]
[Site "Batumi"]
[Date "2024.06.27"]
[Round "5.5"]
[White "Xikmatkhonova, Mokhinur"]
[Black "Diaskyzy, Daliya"]
[Result "1-0"]
[ECO "D00"]
[WhiteElo "1706"]
[BlackElo "1793"]
[Annotator "NA RC"]
[PlyCount "111"]
[EventDate "2024.06.23"]
[EventType "swiss"]
[EventCountry "GEO"]
[SourceTitle "playchess.com"]
[Source "ChessBase"]
[SourceQuality "1"]
[TimeControl "5400+30"]

1. d4 d5 2. Nc3 Nf6 3. Bf4 c5 4. e3 a6 5. Nf3 e6 6. Be2 b5 7. a3 c4 8. Ne5 Nfd7 9. Bf3 Nxe5 10. Bxe5 Nc6 11. Bg3 Bb7 12. O-O Bd6 13. e4 Bxg3 14. hxg3 dxe4 15. Bxe4 O-O 16. Ne2 Na5 17. Bxb7 Nxb7 18. c3 Nd6 19. Nf4 a5 20. Re1 Qf6 21. Re5 Rab8 22. Qd2 Nf5 23. a4 Rfd8 24. Rxb5 Rxb5 25. axb5 e5 26. dxe5 Qb6 27. Nd5 Qb8 28. Rxa5 Kf8 29. Qf4 Nxg3 30. Qxc4 Ne2+ 31. Qxe2 Rxd5 32. g3 Rxe5 33. Qf3 Qb6 34. Ra8+ Ke7 35. c4 f6 36. Qa3+ Qc5 37. Ra7+ Ke6 38. Qxc5 Rxc5 39. b3 g5 40. Rxh7 Re5 41. Kf1 Kd6 42. Rf7 Kc5 43. Rxf6 Kb4 44. b6 Re8 45. b7 Rb8 46. Rb6+ Kc5 47. Rb5+ Kc6 48. b4 g4 49. Ke2 Re8+ 50. Kd3 Rd8+ 51. Ke4 Re8+ 52. Kf4 Rf8+ 53. Kxg4 Rg8+ 54. Kh3 Rh8+ 55. Kg2 Rb8 56. f4 1-0